 Dungeon Crawl Stone Soup version 0.31-a0-202-g547052bce9 (webtiles) character file.

Game seed: 2876568864526075935

104562 tilp the Unseen (level 15, -7/129 HPs)
             Began as a Vampire Enchanter on June 26, 2023.
             Was the Champion of Wu Jian.
             Mangled by a spriggan rider
             ... wielding a +0 spear
             ... led by a spriggan druid
              (20 damage)
             ... on level 1 of the Swamp.
             The game lasted 01:15:51 (31373 turns).

tilp the Unseen (Vampire Enchanter)                Turns: 31373, Time: 01:15:51

Health: -7/129     AC: 15    Str:  9    XL:     15   Next: 92%
Magic:  3/28       EV: 21    Int: 28    God:    Wu Jian [******]
Gold:   1069       SH:  5    Dex: 15    Spells: 7/32 levels left

rFire   + . .        a - +4 dagger (flame)
rCold   . . .        A - +0 buckler
rNeg    . . .        q - +0 steam dragon scales
rPois   .            w - +2 helmet
rElec   .            (no cloak)
rCorr   .            K - +2 pair of gloves
SInv    +            l - +2 pair of boots
Will    +....        E - amulet of the acrobat
Stlth   ++++++       M - ring of flight
HPRegen 0.61/turn    Y - ring "Muvoas" {rF+ EV+5 Str+2 Int+3}
MPRegen 0.21/turn

%: acrobat
@: about to teleport, flying, healing quickly, studying Polearms
A: alive, fangs 3, see invisible, vampiric 2
a: Exsanguinate, Renounce Religion, Wall Jump, Serpent's Lash, Heavenly Storm


You were on level 1 of the Swamp.
You worshipped Wu Jian.
Wu Jian was exalted by your worship.
You visited 5 branches of the dungeon, and saw 25 of its levels.
You also visited: Sewer, Gauntlet and Ice Cave.

You collected 2058 gold pieces.
You spent 989 gold pieces at shops.

Inventory:

Hand Weapons
 a - a +4 dagger of flaming (weapon)
 b - a +4 scimitar of flaming
 L - a +3 dagger of electrocution
Missiles
 e - 6 throwing nets
 p - 49 poisoned darts (quivered)
 v - 5 curare-tipped darts
 D - 13 boomerangs
 F - 2 silver boomerangs
Armour
 l - a +2 pair of boots (worn)
 q - +0 steam dragon scales (worn)
 w - a +2 helmet (worn)
 A - a +0 buckler (worn)
 K - a +2 pair of gloves (worn)
 P - the +4 ring mail of Hangman {rPois}
   (You found it on level 5 of the Lair of Beasts)

   rPois:     It protects you from poison.
Jewellery
 h - a +4 ring of protection
 j - the ring of the Bespelling Gods {rElec rF+ Str+6 Int+6 Slay+2}
   (You took it off a minotaur in a Gauntlet)

   [ring of strength]

   Str:       It affects your strength (+6).
   Int:       It affects your intelligence (+6).
   Slay:      It affects your accuracy & damage with ranged weapons and melee
   (+2).
   rF:        It protects you from fire.
   rElec:     It insulates you from electricity.
 E - an amulet of the acrobat (around neck)
 M - a ring of flight (left hand)
 R - a ring of willpower
 Y - the ring "Muvoas" (right hand) {rF+ EV+5 Str+2 Int+3}
   (You found it in a Gauntlet)

   [ring of evasion]

   EV:        It affects your evasion (+5).
   Str:       It affects your strength (+2).
   Int:       It affects your intelligence (+3).
   rF:        It protects you from fire.
Wands
 g - a wand of mindburst (10)
 n - a wand of acid (3)
 G - a wand of digging (14)
 I - a wand of polymorph (7)
 S - a wand of flame (28)
 V - a wand of roots (3)
 X - a wand of charming (2)
Scrolls
 d - 2 scrolls of summoning
 s - 9 scrolls of teleportation
 u - a scroll of blinking
 y - 6 scrolls of vulnerability
 H - 2 scrolls of fog
 N - a scroll of revelation
 Q - a scroll of identify
 U - a scroll of silence
 W - a scroll of amnesia
 Z - 2 scrolls of fear
Potions
 c - 7 potions of invisibility
 f - 4 potions of enlightenment
 i - 4 potions of heal wounds
 k - 8 potions of mutation
 m - a potion of cancellation
 o - a potion of brilliance
 t - 4 potions of resistance
 x - 3 potions of berserk rage
 z - 3 potions of haste
 B - 9 potions of curing
 J - 4 potions of attraction
 O - a potion of ambrosia
 T - a potion of magic
Miscellaneous
 r - a phial of floods (inert)
 C - a sack of spiders


   Skills:
 * Level 15.2 Fighting
 - Level 10.0 Short Blades
 * Level 4.7 Armour
 + Level 10.2 Dodging
 + Level 15.3 Stealth
 + Level 2.7 Shields
 + Level 9.2 Spellcasting
 - Level 2.0 Conjurations
 + Level 12.3 Hexes
 + Level 0.5 Necromancy
 - Level 4.0 Translocations
 + Level 2.8 Ice Magic
 * Level 2.2 Air Magic
 * Level 8.4 Evocations


You had 7 spell levels left.
You knew the following spells:

 Your Spells              Type           Power      Damage    Failure   Level
a - Ensorcelled Hibernat  Hex/Ice        100%       N/A       1%          2
b - Confusing Touch       Hex            70%        N/A       1%          3
c - Tukima's Dance        Hex            70%        N/A       1%          3
d - Dazzling Flash        Conj/Hex       100%       N/A       1%          3
e - Anguish               Hex/Necr       24%        N/A       4%          4
f - Blink                 Tloc           70%        N/A       1%          2
g - Ozocubu's Armour      Ice            28%        N/A       6%          3
h - Silence               Hex/Air        26%        N/A       9%          5

Your spell library contained the following spells:

 Spells                   Type           Power      Damage    Failure   Level
 Slow                     Hex            100%       N/A       1%          1
 Lesser Beckoning         Tloc           70%        N/A       1%          2
 Momentum Strike          Conj/Tloc      58%        3d9       3%          2
 Fulminant Prism          Conj/Hex       26%        3d14      3%          4
 Beastly Appendage        Tmut           24%        N/A       7%          1
 Metabolic Englaciation   Hex/Ice        26%        N/A       9%          5
 Wereblood                Tmut           12%        N/A       10%         2
 Manifold Assault         Tloc           35%        N/A       13%         4
 Spider Form              Tmut/Pois      12%        N/A       21%         3
 Agony                    Necr           16%        N/A       82%         5
 Dispersal                Tloc           17%        N/A       89%         6
 Simulacrum               Ice/Necr       11%        N/A       99%         6
 Ozocubu's Refrigeration  Ice            14%        4d10      100%        7
 Disjunction              Tloc           17%        N/A       100%        8
 Polar Vortex             Ice            14%        N/A       100%        9


Dungeon Overview and Level Annotations

Branches:
Dungeon (15/15)            Temple (1/1) D:4            Lair (5/5) D:9
  Swamp (2/4) Lair:2       Spider (0/4) Lair:2        Slime (0/5) Lair:5
    Orc (2/2) D:11            Elf (0/3) Orc:2        Vaults (0/5) D:13
 Depths (0/4) D:15          Sewer (visited)           IceCv (visited)
Gauntlet (visited)

Altars:
Ashenzari
Cheibriados
Dithmenos
Fedhas
Gozag
Hepliaklqana
Kikubaaqudgha
Makhleb
Nemelex Xobeh
Okawaru
Qazlal
Ru
Sif Muna
Trog
Uskayaw
Vehumet
Wu Jian
Xom
Yredelemnul
Jiyva

Shops:
D:4 (   D:6 [   Orc:2 *:[[

Portals:
Trove: D:14 (give 4 scrolls of fog)

Annotations:
D:14 3 runed translucent doors, Tivuunur's ghost, journeyman MiFi
D:15 exclusion: stone giant


Innate Abilities, Weirdness & Mutations

Your natural rate of healing is accelerated.
You have razor-sharp teeth.
You have supernaturally acute eyesight. (SInv)
You are afflicted with vampirism and can become a bat while bloodless.


Message History

Press: ? - help, Shift-Dir - straight line, f - spriggan rider
Aim: a spriggan rider, wielding a +0 spear (lightly wounded)
The torrent of water misses the spriggan rider.
The wave splashes down.
The spriggan rider is engulfed in water.
You hear a roar!
You hear a shout! x2
You block the spriggan rider's attack. The goliath frog misses you.
Unknown command.
Unknown command.
Unknown command.
Unknown command.
Unknown command.
You hit the goliath frog but do no damage.
The goliath frog is no longer blind.
Unknown command.
You feel much better. The goliath frog completely misses you.
The spriggan rider barely misses you.
Unknown command.
As you read the scroll of teleportation, it crumbles to dust.
You feel strangely unstable. The goliath frog hits you!
* * * LOW HITPOINT WARNING * * *
You are splashed with acid!
* * * LOW HITPOINT WARNING * * *
The spriggan rider hits you from afar with a +0 spear!
* * * LOW HITPOINT WARNING * * *
The goliath frog misses you.
Unknown command.
Casting: Dazzling Flash (safe; 1% risk of failure)
Confirm with . or Enter, or press ? or * to list all spells.
Aiming: Ensorcelled Hibernation (safe; 1% risk of failure)
Press: ? - help, Shift-Dir - straight line, f/p - spriggan rider
Aim: a spriggan rider, wielding a +0 spear (lightly wounded, waterlogged, chance to affect: 10%)
The goliath frog easily resists.
The spriggan rider hits you but does no damage.
The goliath frog misses you.
Your magical contamination has completely faded away.
Unknown command.
You closely miss the goliath frog.
The spriggan rider hits you from afar with a +0 spear!!
You die...

#####..
...........
.........~
~~..>..~ ....
~...... ♣♣ ~~~~
♣..♣♣F♣♣♣~♣♣ ~~~~
♣~.♣♣†.~..~♣ ~~..
♣♣~♣♣~~~...♣♣♣♣♣♣
.~~~
♣~@Fi~~.~♣♣♣♣...♣
.~~~
♣♣♣♣)~~~~.♣♣.~~.♣
~w~~
♣♣♣♣~~....~.~~~♣
♣..♣...!.......♣
♣.~.~~~~~~.>..♣♣
♣~~...~†~~~♣~.♣♣
♣~~~~.~§~~.♣♣.~♣
♣.~~~~~~~~.~♣..♣
♣.~~~~~~~~..♣♣~♣


You could see a spriggan rider (waterlogged) and a goliath frog.

Vanquished Creatures
  Jorgrun (Orc:1)
  Nessos (Lair:4)
  A dire elephant (Gauntlet)
  A minotaur (Gauntlet)
  Azrael (D:13)
  Josephine (Orc:1)
  Fannar (D:12)
  7 hydras
  An ogre mage (D:15)
  2 catoblepae (D:13)
  7 centaur warriors
  A hell beast (Gauntlet)
  Erica (D:8)
  12 boulder beetles
  7 two-headed ogres
  6 death yaks (Lair:4)
  An alligator (Swamp:2)
  An orc high priest (Orc:1)
  Urug (Lair:4)
  Sonja (Orc:1)
  2 goliath frogs
  Amaemon (D:8)
  A spriggan druid (Swamp:1)
  A lindwurm (Lair:2)
  A deep elf pyromancer (D:14)
  4 ugly things
  2 orc knights
  4 cyclopes
  An orc sorcerer (Orc:2)
  2 manticores
  16 elephants
  A black mamba (shapeshifter) (D:12)
  4 black mambas
  14 cane toads
  A minotaur zombie (Gauntlet)
  A torpor snail (Lair:5)
  6 rime drakes
  2 ice statues (IceCv)
  An orange demon (D:8)
  2 kobold demonologists
  An efreet (D:14)
  3 freezing wraiths
  14 komodo dragons
  3 polar bears
  10 trolls
  Prince Ribbit (D:6)
  6 hornets
  2 dream sheep (Lair:5)
  19 blink frogs
  A vampire (D:13)
  A centaur simulacrum (D:14)
  5 wraiths
  13 spriggans
  15 slime creatures
  4 basilisks
  Grum (D:8)
  4 wyverns
  50 yaks
  2 fire elementals (D:13)
  7 vampire mosquitoes (D:13)
  2 dancing weapons
  A death yak simulacrum (IceCv)
  3 steam dragons
  2 wargs (Orc:1)
  A swamp worm (Swamp:1)
  5 hell hounds
  18 water moccasins
  29 orc warriors
  A swamp drake (Swamp:1)
  A sky beast (D:8)
  3 ice beasts
  6 black bears
  35 wolves
  4 boggarts (Lair:5)
  9 ogres
  14 centaurs
  2 phantoms
  6 kobold brigands
  14 bullfrogs
  Blork the orc (D:6)
  5 gnoll sergeants
  3 scorpions
  2 elephant simulacra (IceCv)
  9 killer bees
  4 howler monkeys
  7 electric eels
  10 jellies
  3 hounds
  13 orc priests
  A gnoll bouda (D:8)
  Jessica (D:2)
  6 iguanas
  16 orc wizards
  10 hell rats
  25 gnolls
  2 river rats (D:4)
  10 adders
  2 shadow imps
  A white imp (D:6)
  2 worms
  2 dart slugs
  57 orcs
  8 bats
  7 endoplasms
  6 giant cockroaches
  8 goblins
  8 hobgoblins
  3 quokkas
  10 ball pythons
  8 frilled lizards
  24 kobolds
  10 rats
724 creatures vanquished.

Vanquished Creatures (collateral kills)
  2 two-headed ogres
  A death yak (Lair:4)
  A fire elemental (D:13)
  A hell hound (D:13)
  9 orc warriors (Orc:2)
  3 centaurs
  2 orc priests (Orc:2)
  3 orc wizards (Orc:2)
  16 orcs
38 creatures vanquished.

Vanquished Creatures (others)
  7 dancing weapons (Orc:2)
  A centaur (Orc:2)
  An ogre (Orc:2)
  An orc wizard (D:12)
  4 orcs
14 creatures vanquished.

Grand Total: 776 creatures vanquished

Notes
Turn   | Place    | Note
-------+----------+-------------------------------------------
     0 | D:1      | tilp the Vampire Enchanter began the quest for the Orb.
     0 | D:1      | Reached XP level 1. HP: 13/13 MP: 3/3
     2 | D:1      | Noticed a tengu
     2 | D:1      | Noticed a formicid
     4 | D:1      | Noticed an armataur
     6 | D:1      | Noticed an elf
     6 | D:1      | Noticed a demonspawn
     8 | D:1      | Noticed an octopode
     8 | D:1      | Noticed a vine stalker
    10 | D:1      | Noticed a troll
    10 | D:1      | Noticed a felid
    12 | D:1      | Noticed a meteoran
    12 | D:1      | Noticed a human
    14 | D:1      | Noticed a spriggan
    14 | D:1      | Noticed an ogre
    16 | D:1      | Noticed a vampire
    16 | D:1      | Noticed a demigod
    18 | D:1      | Noticed a draconian
    20 | D:1      | Noticed a merfolk
    20 | D:1      | Noticed a minotaur
    22 | D:1      | Noticed a ghoul
    22 | D:1      | Noticed a gargoyle
    24 | D:1      | Noticed a naga
    24 | D:1      | Noticed a spriggan
    26 | D:1      | Noticed a vine stalker
    26 | D:1      | Noticed an elf
   252 | D:1      | Reached XP level 2. HP: 20/20 MP: 5/5
   291 | D:1      | Learned a level 2 spell: Ensorcelled Hibernation
   577 | D:1      | Reached skill level 1 in Fighting
   602 | D:1      | Gained mutation: You are afflicted with vampirism and can
                  | become a bat while bloodless. [Vampire growth]
   602 | D:1      | Reached XP level 3. HP: 26/26 MP: 2/6
   606 | D:1      | Learned a level 3 spell: Confusing Touch
  1034 | D:2      | Noticed Jessica
  1047 | D:2      | Killed Jessica
  1048 | D:2      | Reached skill level 5 in Stealth
  1048 | D:2      | Reached XP level 4. HP: 32/32 MP: 4/7
  1892 | D:3      | Identified the +0 ring mail of Disappointment {Str+3}
  2160 | D:3      | Reached skill level 5 in Hexes
  2160 | D:3      | Reached XP level 5. HP: 38/38 MP: 2/9
  2652 | D:4      | Found Qory's Weapon Shoppe.
  2681 | D:4      | Noticed a phantom
  2822 | D:4      | Found a staircase to the Ecumenical Temple.
  2912 | D:4      | Reached XP level 6. HP: 43/44 MP: 1/10
  3031 | D:4      | Found a glowing drain.
  3052 | Sewer    | Entered a sewer
  3198 | Sewer    | Reached XP level 7. HP: 46/52 MP: 5/12
  3764 | Temple   | Entered the Ecumenical Temple
  4309 | Temple   | Became a worshipper of the Wu Jian Council
  4380 | D:5      | Entered Level 5 of the Dungeon
  4459 | D:5      | Learned a level 3 spell: Tukima's Dance
  4463 | D:5      | Learned a level 3 spell: Dazzling Flash
  5315 | D:6      | Found a hide-covered altar of Uskayaw.
  5326 | D:6      | Reached XP level 8. HP: 34/60 MP: 7/14
  5459 | D:6      | Reached skill level 5 in Short Blades
  5544 | D:6      | Found an opulent altar of Gozag.
  5561 | D:6      | Reached * piety under Wu Jian
  5676 | D:6      | Reached skill level 5 in Spellcasting
  5733 | D:6      | Found a shimmering altar of Xom.
  5807 | D:6      | Noticed Blork the orc
  5812 | D:6      | Killed Blork the orc
  6152 | D:6      | Reached skill level 5 in Fighting
  6355 | D:6      | Noticed Prince Ribbit
  6360 | D:6      | Killed Prince Ribbit
  6361 | D:6      | Reached XP level 9. HP: 68/68 MP: 16/16
  6514 | D:6      | Found Ihajiz's Antique Armour Boutique.
  6522 | D:6      | Bought a buckler for 99 gold pieces
  7113 | D:7      | Reached ** piety under Wu Jian
  8719 | D:8      | Noticed Erica
  8729 | D:8      | Killed Erica
  8730 | D:8      | Reached skill level 10 in Stealth
  8730 | D:8      | Reached XP level 10. HP: 48/76 MP: 11/17
  8810 | D:8      | Noticed a two-headed ogre
  8817 | D:8      | Killed a two-headed ogre
  8818 | D:8      | Reached skill level 10 in Short Blades
  8855 | D:8      | Reached skill level 1 in Evocations
  8861 | D:8      | Noticed Grum
  8875 | D:8      | Reached skill level 1 in Conjurations
  8881 | D:8      | Reached skill level 1 in Ice Magic
  8893 | D:8      | Killed Grum
  9037 | D:8      | Noticed a cyclops
  9050 | D:8      | Killed a cyclops
  9203 | D:8      | Noticed Amaemon
  9203 | D:8      | Noticed an orange demon
  9228 | D:8      | Killed Amaemon
  9236 | D:8      | Killed an orange demon
  9236 | D:8      | Reached *** piety under Wu Jian
  9917 | D:9      | Reached skill level 5 in Dodging
  9951 | D:9      | Reached XP level 11. HP: 83/83 MP: 9/20
 10295 | D:9      | Noticed a two-headed ogre
 10311 | D:9      | Killed a two-headed ogre
 10312 | D:9      | Reached skill level 1 in Armour
 10936 | D:9      | Found a staircase to the Lair.
 11275 | D:9      | Learned a level 4 spell: Anguish
 11283 | D:10     | Entered Level 10 of the Dungeon
 11796 | D:10     | Noticed a two-headed ogre
 11822 | D:10     | Killed a two-headed ogre
 11997 | D:10     | Noticed a boulder beetle
 12003 | D:10     | Killed a boulder beetle
 12489 | D:10     | Reached **** piety under Wu Jian
 12581 | D:11     | Reached skill level 10 in Hexes
 12692 | D:11     | Noticed a white ugly thing
 12711 | D:11     | Killed a white ugly thing
 12851 | D:11     | Found a frozen archway.
 12913 | IceCv    | Entered an ice cave
 12913 | IceCv    | Noticed a white ugly thing
 12932 | IceCv    | HP: 4/86 [elephant simulacrum (21)]
 12935 | IceCv    | Found a transporter.
 12960 | IceCv    | Killed a brown ugly thing
 12961 | IceCv    | Reached XP level 12. HP: 74/94 MP: 12/22
 13025 | IceCv    | Found a transporter.
 13129 | D:11     | Noticed a boulder beetle
 13146 | D:11     | Killed a boulder beetle
 13243 | D:11     | Noticed a boulder beetle
 13250 | D:11     | Killed a boulder beetle
 13362 | D:11     | Found a staircase to the Orcish Mines.
 13383 | D:11     | Noticed a two-headed ogre
 13385 | D:11     | Noticed a two-headed ogre
 13391 | D:11     | Killed a two-headed ogre
 13392 | D:11     | Reached skill level 10 in Fighting
 13406 | D:11     | Killed a two-headed ogre
 13907 | D:11     | Found a bloodstained altar of Trog.
 13941 | D:11     | Identified the +1 glaive of the Scavenger {freeze, rC+}
 13945 | D:11     | Learned a level 2 spell: Blink
 14050 | Lair:1   | Entered Level 1 of the Lair of Beasts
 14068 | Lair:1   | You fall into a shaft and drop 1 floor!
 14161 | Lair:2   | Reached skill level 1 in Translocations
 14167 | Lair:2   | Reached skill level 1 in Shields
 14309 | Lair:2   | Reached ***** piety under Wu Jian
 14686 | Lair:2   | Reached skill level 5 in Evocations
 15126 | Lair:1   | Reached XP level 13. HP: 104/104 MP: 24/24
 15951 | Lair:2   | Found a staircase to the Swamp.
 16145 | Lair:2   | Found a hole to the Spider Nest.
 16726 | Lair:3   | Found a gate leading to a gauntlet.
 16732 | Gauntlet | Entered a Gauntlet
 16732 | Gauntlet | Found a transporter.
 16732 | Gauntlet | Found a transporter.
 16768 | Gauntlet | Found a transporter.
 16783 | Gauntlet | Found a transporter.
 16793 | Gauntlet | Found a transporter.
 16805 | Gauntlet | Found a transporter.
 16818 | Gauntlet | Found a transporter.
 16824 | Gauntlet | Found a transporter.
 16838 | Gauntlet | Found a transporter.
 16852 | Gauntlet | Noticed a dire elephant
 16858 | Gauntlet | Found a transporter.
 16861 | Gauntlet | Found a transporter.
 16902 | Gauntlet | Found a transporter.
 17076 | Gauntlet | Identified the ring "Muvoas" {rF+ EV+5 Str+2 Int+3}
 17130 | Gauntlet | Killed a dire elephant
 17150 | Gauntlet | Identified the ring "Idogg" {Drain rCorr Int+5}
 17265 | Gauntlet | Identified the ring of the Bespelling Gods {rElec rF+ Str+6
                  | Int+6 Slay+2}
 17265 | Gauntlet | Noticed a minotaur
 17284 | Gauntlet | Killed a minotaur
 17289 | Gauntlet | Identified the +4 hand axe of Tivaen {heavy, rCorr Int+2}
 19421 | Lair:4   | Noticed Urug
 19438 | Lair:4   | Noticed Nessos
 19747 | Lair:4   | Reached XP level 14. HP: 105/113 MP: 8/26
 20619 | Lair:4   | Killed Nessos
 20687 | Lair:4   | Killed Urug
 20973 | Lair:5   | Entered Level 5 of the Lair of Beasts
 21054 | Lair:5   | Found a viscous altar of Jiyva.
 21054 | Lair:5   | Found a staircase to the Slime Pits.
 21153 | Lair:5   | Reached ****** piety under Wu Jian
 21779 | Lair:5   | Identified the +4 ring mail of Hangman {rPois}
 21986 | Lair:5   | Learned a level 3 spell: Ozocubu's Armour
 22267 | Lair:5   | Reached skill level 15 in Stealth
 23028 | Lair:5   | Identified the +0 plate armour "Kidinatu" {+Inv}
 23420 | Orc:1    | Entered Level 1 of the Orcish Mines
 24170 | Orc:2    | Entered Level 2 of the Orcish Mines
 24183 | Orc:2    | Noticed Josephine
 24337 | Orc:2    | Noticed Sonja
 24337 | Orc:2    | Found a staircase to the Elven Halls.
 24371 | Orc:2    | Noticed Jorgrun
 24468 | Orc:1    | Killed Josephine
 24655 | Orc:1    | Killed Jorgrun
 24896 | Orc:1    | Killed Sonja
 25163 | Orc:2    | Reached XP level 15. HP: 88/124 MP: 7/28
 25997 | Orc:2    | Reached skill level 10 in Dodging
 26555 | Orc:2    | Found Ruqim's Book Emporium.
 26555 | Orc:2    | Found Gymups's Armour Shop.
 26557 | Orc:2    | Found Feus's Antique Armour Boutique.
 26559 | Orc:2    | Found Qieblet's Assorted Antiques.
 26571 | Orc:2    | Bought a scroll of teleportation for 90 gold pieces
 26807 | D:12     | Got the Papyrus of Ensorcelling
 26936 | D:12     | Noticed Fannar
 26963 | D:12     | Killed Fannar
 28144 | D:13     | Noticed Azrael
 28232 | D:13     | Found a gate to the Vaults.
 28474 | D:13     | Reached skill level 15 in Fighting
 28530 | D:13     | Killed Azrael
 28947 | D:14     | Found a runed translucent gate.
 28947 | D:14     | Found a runed translucent gate.
 28947 | D:14     | Found a runed translucent gate.
 28947 | D:14     | Found an opulent altar of Gozag.
 28950 | D:14     | Noticed a fire giant
 28951 | D:14     | Noticed Tivuunur's ghost (journeyman MiFi)
 28996 | D:14     | Found a portal to a secret trove of treasure.
 29245 | Orc:2    | Bought a scroll of fog for 120 gold pieces
 29247 | Orc:2    | Bought a book of the Senses for 448 gold pieces
 29253 | Orc:2    | Learned a level 5 spell: Agony
 29259 | Orc:2    | Learned a level 5 spell: Silence
 29457 | D:4      | Bought a +3 dagger of venom for 232 gold pieces
 30052 | D:15     | Entered Level 15 of the Dungeon
 30062 | D:15     | Reached skill level 1 in Air Magic
 30062 | D:15     | Found a staircase to the Depths.
 31180 | Swamp:1  | Entered Level 1 of the Swamp
 31180 | Swamp:1  | You are sucked into a shaft and drop 1 floor!
 31256 | Swamp:2  | Identified the ring of the Present {rElec rCorr Dex+6 SInv}
 31366 | Swamp:1  | HP: 4/129 [spriggan rider/+0 spear[a spriggan druid] (22)]
 31373 | Swamp:1  | Mangled by a spriggan rider

Illustrated notes

Levels and vault maps discovered:
D:1:      kb_arrival_jail, layout_basic
D:2:      layout_rooms, minivault_25, uniq_jessica
D:3:      layout_loops_corners, grunt_ministairs_13,
          chequers_serial_rivers_micro_e, minmay_stone_trees_medium,
          corexii_shack
D:4:      layout_cave_pools, minmay_temple_entry_stoned_glass, serial_shops,
          shop, portal_sewer_entry_b, kennysheep_generic_room_15
D:5:      layout_basic, st_stairs_4
D:6:      layout_basic, nicolae_overflow_crystal_walls, serial_shops,
          nicolae_shop_tiny_statue_garden, grunt_ministairs_14,
          hangedman_feature_mirror, minmay_manual_monolith, uniq_prince_ribbit1,
          uniq_blork_the_orc
D:7:      layout_cave_pods, serial_bayou, serial_bayou_pond_d,
          serial_bayou_ford_a, serial_bayou_lake_a, serial_bayou_pond_e,
          minmay_misc_feat_hallway
D:8:      minmay_slanted_spiral_squares, layout_basic, roderic_serpentine_path,
          uniq_amaemon, uniq_erica, uniq_grum
D:9:      layout_roguey, erik_lair_island
D:10:     layout_layer_cave
D:11:     layout_stronghold, orc_0_dummy, portal_ice_cave_rime,
          grunt_decor_arrowhead, minmay_splitting_lines, tgw_trog
D:12:     layout_rooms, uniq_fannar
D:13:     layout_cave_pods, skrybe_vaults_entry_preservation, elyvilon_altar_5,
          uniq_azrael
D:14:     layout_roguey, enter_trove_1, ebering_ghost_gozag
D:15:     grunt_enter_depths_giant_problem, layout_basic
Temple:   mainiacjoe_temple_starburst
Lair:1:   layout_concentric_octagons, lemuel_fruit_fields
Lair:2:   layout_gridlike, minmay_swamp_entry_reptiles,
          spider_nest_entry_web_field
Lair:3:   layout_cave_pods, gauntlet_entry_generic
Lair:4:   layout_regular_city, bh_autumn_forest_stairs, grunt_megastairs_3,
          uniq_urug, uniq_nessos
Lair:5:   minmay_lair_end_enchanted_forest, layout_big_grid, slime_entry_1
Swamp:1:  layout_basic_swamp, evilmike_swamp_ruin_house_5
Swamp:2:  layout_basic_swamp, wheals_swamp_sinkhole, infiniplex_staircase_pool
Orc:1:    layout_caves, lightli_orcish_oven
Orc:2:    st_orc_rangers, layout_caves, uniq_jorgrun, uniq_sonja, uniq_josephine

Skill      XL: |  1  2  3  4  5  6  7  8  9 10 11 12 13 14 15 |
---------------+----------------------------------------------+-----
Fighting       | 1 2 3 5 6 8 10 11 13 15 | 15.2
Short Blades   | 2 3 4 6 9 10 | 10.0
Stealth        | 5 6 7 10 12 13 15 | 15.3
Hexes          | 5 6 7 8 10 11 12 | 12.3
Spellcasting   | 3 4 5 6 7 8 9 |  9.2
Dodging        | 3 4 5 6 7 9 10 | 10.2
Evocations     | 2 3 5 7 8 |  8.4
Conjurations   | 2 |  2.0
Ice Magic      | 2 |  2.8
Armour         | 4 |  4.7
Translocations | 2 4 |  4.0
Shields        | 2 |  2.7
Air Magic      | 2 |  2.2
Necromancy     | |  0.5

Action                     |  1- 3 |  4- 6 |  7- 9 | 10-12 | 13-15 || total
---------------------------+-------+-------+-------+-------+-------++-------
  Melee: Dagger            |    95 |    97 |   161 |   400 |  1226 ||  1979
         Bite              |     8 |     9 |    12 |    44 |   170 ||   243
         Punch             |       |       |     1 |       |       ||     1
         Scimitar          |       |       |       |       |    15 ||    15
  Throw: Dart              |       |       |       |     2 |       ||     2
   Cast: Ensorcelled Hiber |    10 |    30 |   105 |   143 |   372 ||   660
         Confusing Touch   |       |     3 |     5 |    18 |    61 ||    87
         Tukima's Dance    |       |       |     1 |    16 |    58 ||    75
         Dazzling Flash    |       |       |       |     4 |    55 ||    59
 Invoke: Serpent's Lash    |       |       |       |       |     1 ||     1
Ability: Lunge             |       |       |    27 |    52 |   112 ||   191
         Whirlwind         |       |       |     1 |    25 |    63 ||    89
  Evoke: Wand              |       |       |       |     1 |     4 ||     5
         Phial of floods   |       |       |       |       |     1 ||     1
    Use: Scroll            |     2 |     4 |    17 |     6 |    19 ||    48
         Potion            |       |       |     1 |     4 |     5 ||    10
   Stab: Sleeping          |    14 |    32 |    71 |   108 |   227 ||   452
         Confused          |       |     1 |     2 |    16 |    77 ||    96
         Invisible         |       |       |       |     9 |    52 ||    61
         Distracted        |       |       |       |     2 |     1 ||     3
 Armour: Robe              |    32 |    24 |    30 |    31 |       ||   117
         Steam dragon scal |       |       |       |    62 |   263 ||   325
  Dodge: Dodged            |    57 |    48 |    91 |   216 |   965 ||  1377
  Block: Buckler           |       |       |    10 |    48 |   220 ||   278

Table legend: (Time is in decaauts)
 A = Elapsed time spent in this place.
 B = Non-inter-level travel time spent in this place.
 C = Inter-level travel time spent in this place.
 D = Time resting spent in this place.
 E = Time spent auto-exploring this place.
 F = Levels seen in this place.
 G = Mean time per level.
                   A        B        C        D        E       F      G
               +--------+--------+--------+--------+--------+-----+--------+
         Total |  30920 |  28627 |   2293 |   4058 |  18506 |  28 | 1104.3 |
       Dungeon |  17219 |  15736 |   1483 |   1296 |  11388 |  15 | 1147.9 |
        Temple |    600 |    502 |     98 |      0 |    494 |   1 |  600.0 |
          Lair |   8444 |   8143 |    301 |   1314 |   5067 |   5 | 1688.8 |
         Swamp |    179 |    179 |      0 |     56 |      8 |   2 |   89.5 |
  Orcish Mines |   3266 |   2855 |    411 |   1078 |   1154 |   2 | 1633.0 |
         Sewer |    418 |    418 |      0 |    131 |    161 |   1 |  418.0 |
      Ice Cave |    141 |    141 |      0 |     53 |      3 |   1 |  141.0 |
      Gauntlet |    648 |    648 |      0 |    130 |    231 |   1 |  648.0 |
               +--------+--------+--------+--------+--------+-----+--------+

Top non-repeatable levels by time:
   Orc:1: 2279 daAuts
  Lair:5: 2251 daAuts
  Lair:4: 1895 daAuts
     D:8: 1788 daAuts
  Lair:3: 1673 daAuts
  Lair:2: 1590 daAuts
    D:13: 1526 daAuts
     D:9: 1490 daAuts
    D:10: 1455 daAuts
     D:7: 1418 daAuts
    D:11: 1379 daAuts
     D:6: 1371 daAuts
     D:3: 1132 daAuts
     D:5: 1081 daAuts
  Lair:1: 1033 daAuts
